 Dungeon Crawl Stone Soup version 0.30.1-9-gdf580d7c3d (webtiles) character file.

Game seed: 4915577418271701624

67499 SirTyronus the Warrior (level 14, -1/130 (137) HPs)
             Began as a Minotaur Berserker on Sept 28, 2023.
             Was a High Priest of Trog.
             Slain by middlethird's ghost (12 damage)
             ... on level 13 of the Dungeon on Sept 29, 2023.
             The game lasted 00:46:03 (22613 turns).

SirTyronus the Warrior (Minotaur Berserker)        Turns: 22613, Time: 00:46:03

HP:   -1/130 (137)  AC: 27    Str: 26    XL:     14   Next: 83%
MP:   0/13          EV: 12    Int:  9    God:    Trog [*****.]
Gold: 1674          SH:  0    Dex: 11    Spells: 13/13 levels left

rFire   + + .        I - +0 battleaxe (freeze)
rCold   + . .        (shield currently unavailable)
rNeg    + . .        M - +3 plate armour {rF+}
rPois   +            (helmet restricted)
rElec   +            m - +1 cloak of Seingeug {Fly rN+ SInv}
rCorr   +            g - +1 pair of gloves
SInv    +            B - +0 pair of boots
Will    +++..        D - amulet of guardian spirit Stlth
                     w - ring of Matup {rElec rCorr Int+3 Slay+2}
HPRegen 1.41/turn    L - ring "Rurophut" {rPois Int+2}
MPRegen 0.13/turn

%: guardian spirit
@: resistant, strong-willed, on berserk cooldown, flying, regenerating, hasted
and slowed, drained
A: horns 2, retaliatory headbutt
a: Renounce Religion, Berserk, Trog's Hand, Brothers in Arms


You were on level 13 of the Dungeon.
You worshipped Trog.
Trog was extremely pleased with you.
You visited 2 branches of the dungeon, and saw 18 of its levels.
You also visited: Bailey, Gauntlet and Volcano.

You collected 2212 gold pieces.
You spent 538 gold pieces at shops.

Inventory:

Hand Weapons
 C - the +12 executioner's axe of Tumult {heavy, Will+ Dex+2}
   (Trog gifted it to you on level 10 of the Dungeon)

   Dex:       It affects your dexterity (+2).
   Will:      It increases your willpower.
 I - a +0 battleaxe of freezing (weapon)
 R - a +5 antimagic executioner's axe
Missiles
 A - 2 throwing nets (quivered)
Armour
 g - a +1 pair of gloves (worn)
 m - the +1 cloak of Seingeug (worn) {Fly rN+ SInv}
   (You acquired it on level 4 of the Dungeon)

   rN:        It protects you from negative energy.
   SInv:      It lets you see invisible.
   Fly:       It grants you flight.
 B - a +0 pair of boots (worn)
 M - a +3 plate armour of fire resistance (worn)
Jewellery
 w - the ring of Matup (left hand) {rElec rCorr Int+3 Slay+2}
   (You acquired it on level 10 of the Dungeon)

   [ring of resist corrosion]

   Int:       It affects your intelligence (+3).
   Slay:      It affects your accuracy & damage with ranged weapons and melee
   (+2).
   rElec:     It insulates you from electricity.
   rCorr:     It protects you from acid and corrosion.
 D - an amulet of guardian spirit (around neck)
 L - the ring "Rurophut" (right hand) {rPois Int+2}
   (You found it in a Gauntlet)

   [ring of poison resistance]

   Int:       It affects your intelligence (+2).
   rPois:     It protects you from poison.
Wands
 h - a wand of paralysis (5)
 i - a wand of flame (38)
 z - a wand of digging (5)
 H - a wand of acid (8)
Scrolls
 c - 2 scrolls of torment
 d - a scroll of silence
 j - 2 scrolls of fog
 o - 4 scrolls of noise
 s - 6 scrolls of enchant armour
 x - a scroll of teleportation
 y - 12 scrolls of enchant weapon
 F - 4 scrolls of identify
 J - a scroll of summoning
 S - a scroll of magic mapping
 T - a scroll of immolation
Potions
 a - 2 potions of haste
 b - 4 potions of mutation
 e - 4 potions of might
 f - 4 potions of brilliance
 k - a potion of heal wounds
 l - 7 potions of curing
 n - 5 potions of attraction
 p - 4 potions of flight
 r - 3 potions of resistance
 t - 3 potions of invisibility
 u - 3 potions of berserk rage
 v - 3 potions of cancellation
 E - 4 potions of degeneration
 K - a potion of magic
 N - a potion of ambrosia
Miscellaneous
 G - a phantom mirror (inert)
 O - a box of beasts (inert)
 P - a condenser vane (inert)
 Q - a lightning rod (4/4)


   Skills:
 * Level 16.1 Fighting
 * Level 16.0 Axes
 * Level 15.7 Armour
 * Level 11.9 Dodging
 + Level 8.4 Evocations


You had 13 spell levels left.
You didn't know any spells.
Your spell library was empty.

Dungeon Overview and Level Annotations

Branches:
Dungeon (13/15)            Temple (0/1) D:5            Lair (5/5) D:9
  Swamp (0/4) Lair:3        Snake (0/4) Lair:2        Slime (0/5) Lair:4
    Orc (0/2) D:9          Bailey (visited)         Volcano (visited)
Gauntlet (visited)
 Vaults: D:13-14

Altars:
Elyvilon
Gozag
Hepliaklqana
Okawaru
Qazlal
Trog
Vehumet
Yredelemnul
The Shining One
Jiyva

Shops:
D:4 :   D:5 !   D:7 ?::*=   D:8 **

Annotations:
D:13 middlethird's ghost, journeyman FoNe
Lair:1 1 transporter, Beischinu's ghost, journeyman MiFi


Innate Abilities, Weirdness & Mutations

You have a pair of horns on your head.
You reflexively headbutt those who attack you in melee.


Message History

The condenser dries out!
The tengu reaver is engulfed in freezing vapours.
The tengu reaver misses you. The tengu reaver barely misses you.
The tengu reaver claws you.
Middlethird's ghost is engulfed in freezing vapours.
Unknown command.
Unknown command.
Okay, then.
You fail to use your ability.
The tengu reaver is engulfed in freezing vapours.
The tengu reaver hits you with a +0 battleaxe!
The tengu reaver pecks you but does no damage.
The tengu reaver closely misses you.
The tengu reaver is engulfed in freezing vapours.
The tengu reaver hits you but does no damage.
The tengu reaver pecks you but does no damage.
The tengu reaver claws you but does no damage.
Your skin crawls.
You feel strong-willed.
The tengu reaver is engulfed in freezing vapours.
The tengu reaver hits you but does no damage.
The tengu reaver pecks you.
The tengu reaver claws you but does no damage.
Okay, then.
You feel yourself speed up.
The tengu reaver is engulfed in freezing vapours.
The tengu reaver hits you with a +0 battleaxe.
* * * LOW HITPOINT WARNING * * *
The tengu reaver pecks you but does no damage.
The tengu reaver claws you but does no damage.
Middlethird's ghost is engulfed in freezing vapours.
Middlethird's ghost hits you!
* * * LOW HITPOINT WARNING * * *
The tengu reaver is engulfed in freezing vapours.
The tengu reaver gestures at you while chanting.
The bolt of negative energy hits you!! You partially resist.
You feel drained.
* * * LOW HITPOINT WARNING * * *
Middlethird's ghost is engulfed in freezing vapours.
Middlethird's ghost hits you!
You die...

#..§§§§§§....#.
####§§§§§§§...###
##..§§§##§##...###
###...§§§#§§§###...#
##.#.....§#§Q§# #....
#..#......# ##...
###....§....########...
#.....QW......#......>.
#....§@................
##....##...............
###.#####.[....###....
##...#.........##..##
##.............###..#.
##...#.................
####...##.................
####.##.>#####..#............
#.......######.##(...........


You could see a tengu reaver and middlethird's ghost.

Vanquished Creatures
  Kirke (Lair:5)
  A minotaur (Gauntlet)
  The ghost of Ruwaz the Transmogrifier, a journeyman SpRe of Sif Muna (Lair:4)
  Josephine (D:10)
  Erolcha (D:10)
  5 hydras
  2 boulder beetles
  4 catoblepae
  2 centaur warriors
  18 death yaks
  A two-headed ogre (D:12)
  2 thrashing horrors (Gauntlet)
  A hell knight (Volcano)
  A salamander mystic (Volcano)
  2 skysharks (Lair:4)
  2 orc knights (Bailey)
  A cyclops (D:13)
  A moth of wrath (Lair:1)
  2 manticores
  2 salamanders (Volcano)
  2 black mambas
  6 elephants (Lair:5)
  A black mamba (shapeshifter) (D:13)
  9 cane toads
  A minotaur zombie (Gauntlet)
  4 komodo dragons
  An unseen horror (D:10)
  3 rime drakes
  3 trolls
  A queen bee (Gauntlet)
  3 polar bears
  A hornet (D:8)
  Grinder (D:5)
  10 blink frogs (Lair:3)
  3 slime creatures (D:12)
  Sigmund (D:4)
  A spriggan (Lair:1)
  8 wraiths
  A water elemental (D:12)
  3 wyverns
  47 yaks
  3 hogs
  9 fire bats (Volcano)
  3 basilisks
  2 large abominations (Gauntlet)
  2 steam dragons
  12 vampire mosquitoes
  Menkaure (D:6)
  3 nagas (Lair:2)
  3 swamp worms (Lair:3)
  2 acid dragons
  10 small abominations (Gauntlet)
  6 water moccasins
  2 ice beasts
  13 orc warriors
  A sky beast (D:7)
  4 black bears
  14 wolves
  5 centaurs
  5 ogres
  A kobold brigand (D:10)
  Blork the orc (D:6)
  15 bullfrogs
  2 scorpions
  4 necrophages (Lair:2)
  A gnoll sergeant (D:9)
  5 wights (D:8)
  8 killer bees
  7 electric eels
  6 howler monkeys
  6 lava snakes (Volcano)
  2 hounds
  3 jellies
  10 orc priests
  2 gnoll boudas
  Terence (D:2)
  5 iguanas
  A sleepcap (D:5)
  12 orc wizards
  8 hell rats
  15 gnolls
  10 adders
  21 river rats
  2 white imps
  3 ufetubi
  6 worms
  A dart slug (D:1)
  40 orcs
  8 ball pythons
  3 bats
  8 endoplasms
  4 giant cockroaches
  16 hobgoblins
  3 jackals (D:3)
  8 kobolds
  6 quokkas
  3 frilled lizards
  9 goblins
  12 rats
539 creatures vanquished.

Vanquished Creatures (collateral kills)
  A two-headed ogre (D:10)
  2 death yaks (Lair:5)
  An orc knight (Bailey)
  A salamander (Volcano)
  A manticore (Lair:5)
  A spriggan (Lair:1)
  A yak (Lair:5)
  An orc warrior (Bailey)
  A meliai simulacrum (D:10)
  A white imp (D:10)
  4 orcs (Bailey)
15 creatures vanquished.

Vanquished Creatures (others)
  2 humans (Lair:5)
  A rat (Lair:5)
3 creatures vanquished.

Grand Total: 557 creatures vanquished

Notes
Turn   | Place    | Note
-------+----------+-------------------------------------------
     0 | D:1      | SirTyronus the Minotaur Berserker began the quest for the
                  | Orb.
     0 | D:1      | Reached XP level 1. HP: 19/19 MP: 0/0
   157 | D:1      | Reached XP level 2. HP: 23/27 MP: 1/1
   867 | D:1      | Reached XP level 3. HP: 33/33 MP: 2/2
  1105 | D:2      | Noticed Terence
  1117 | D:2      | Killed Terence
  1118 | D:2      | Reached XP level 4. HP: 41/41 MP: 3/3
  1173 | D:2      | Found a faded altar of an unknown god.
  1192 | D:2      | Identified the +12 spear of Plog {vamp, Int+3}
  1415 | D:2      | Reached ** piety under Trog
  1763 | D:2      | Reached XP level 5. HP: 44/47 MP: 4/4
  1766 | D:2      | Reached skill level 5 in Axes
  2249 | D:3      | Reached skill level 5 in Fighting
  2438 | D:3      | Reached skill level 1 in Evocations
  2469 | D:3      | Found a white marble altar of Elyvilon.
  3145 | D:4      | Reached XP level 6. HP: 56/56 MP: 5/5
  3192 | D:4      | Reached *** piety under Trog
  3301 | D:4      | Noticed Sigmund
  3312 | D:4      | Killed Sigmund
  3313 | D:4      | Reached skill level 5 in Armour
  3313 | D:4      | Reached XP level 7. HP: 59/63 MP: 6/6
  3353 | D:4      | Found Coiffoara's Book Shoppe.
  3411 | D:4      | Found a radiant altar of Vehumet.
  3612 | D:4      | Found a bloodstained altar of Trog.
  3761 | D:4      | Identified a scroll of acquirement
  3761 | D:4      | Acquired the +1 cloak of Seingeug {Fly rN+ SInv}
  3769 | D:5      | Entered Level 5 of the Dungeon
  3836 | D:5      | Found Huwunaum's Distillery.
  3861 | D:5      | Bought a potion of flight for 45 gold pieces
  3861 | D:5      | Bought a potion of might for 60 gold pieces
  3861 | D:5      | Bought a potion of might for 60 gold pieces
  3861 | D:5      | Bought a potion of attraction for 45 gold pieces
  3861 | D:5      | Bought a potion of heal wounds for 75 gold pieces
  3861 | D:5      | Bought a potion of flight for 45 gold pieces
  4078 | D:5      | Noticed Grinder
  4078 | D:5      | Paralysed by Grinder for 4 turns
  4090 | D:5      | Paralysed by Grinder for 3 turns
  4093 | D:5      | Killed Grinder
  4094 | D:5      | Reached XP level 8. HP: 69/73 MP: 7/7
  4121 | D:5      | Found an opulent altar of Gozag.
  4240 | D:5      | Found a staircase to the Ecumenical Temple.
  4320 | D:5      | Found a faded altar of an unknown god.
  4320 | D:5      | Found a faded altar of an unknown god.
  4328 | D:5      | Found a basalt altar of Yredelemnul.
  4330 | D:5      | Found a hazy altar of Hepliaklqana.
  4332 | D:5      | Found a stormy altar of Qazlal.
  4549 | D:6      | Noticed Menkaure
  4553 | D:6      | Killed Menkaure
  4815 | D:6      | Found a glowing golden altar of the Shining One.
  4832 | D:6      | Noticed Blork the orc
  4854 | D:6      | Killed Blork the orc
  4861 | D:6      | Reached XP level 9. HP: 81/81 MP: 8/8
  4863 | D:6      | Reached **** piety under Trog
  5076 | D:7      | Reached skill level 5 in Dodging
  5158 | D:7      | Found Illouzxaorr's General Store.
  5168 | D:7      | Bought a scroll of identify for 22 gold pieces
  5168 | D:7      | Bought a scroll of enchant weapon for 82 gold pieces
  5168 | D:7      | Bought a scroll of identify for 22 gold pieces
  5168 | D:7      | Bought a scroll of blinking for 82 gold pieces
  5227 | D:7      | Found Kuwef's Book Emporium.
  5322 | D:7      | Found Osek's Magic Scroll Emporium.
  5370 | D:7      | Found Nifuhub's Book Emporium.
  5580 | D:7      | Found Lefu's Jewellery Shoppe.
  6253 | D:8      | Noticed a komodo dragon
  6258 | D:8      | Killed a komodo dragon
  6339 | D:8      | Found Rygep's Retail Resort.
  6590 | D:8      | Found Dumedwu's Demolitions Depot.
  6658 | D:8      | Reached XP level 10. HP: 91/91 MP: 9/9
  7145 | D:9      | Found a staircase to the Lair.
  7188 | D:9      | Reached skill level 10 in Fighting
  7192 | D:9      | Reached skill level 10 in Axes
  7315 | D:9      | Found a flagged portal.
  7360 | Bailey   | Entered a bailey
  7554 | Bailey   | Noticed an orc knight
  7614 | Bailey   | Killed an orc knight
  7656 | Bailey   | Noticed an orc knight
  7660 | Bailey   | Noticed an orc knight
  7673 | Bailey   | Killed an orc knight
  7674 | Bailey   | Reached skill level 10 in Armour
  7679 | Bailey   | Killed an orc knight
  7680 | Bailey   | Reached skill level 5 in Evocations
  8420 | D:9      | Found a staircase to the Orcish Mines.
  8529 | D:10     | Entered Level 10 of the Dungeon
  8532 | D:10     | Noticed Josephine
  8537 | D:10     | Reached XP level 11. HP: 102/102 MP: 10/10
  8555 | D:10     | Killed Josephine
  8568 | D:10     | Reached ***** piety under Trog
  8847 | D:10     | Identified the +12 executioner's axe of Tumult {heavy,
                  | Will+ Dex+2} (Trog gifted it to you on level 10 of the
                  | Dungeon)
  8847 | D:10     | Received a gift from Trog
  8861 | D:10     | Noticed a two-headed ogre
  8887 | D:10     | Killed a two-headed ogre
  9156 | D:10     | Found an iron altar of Okawaru.
  9355 | D:10     | Noticed Erolcha
  9382 | D:10     | Killed Erolcha
  9402 | D:10     | Acquired the ring of Matup {rElec rCorr Int+3 Slay+2}
  9904 | D:11     | Noticed a boulder beetle
  9960 | D:11     | Killed a boulder beetle
 10599 | Lair:1   | Entered Level 1 of the Lair of Beasts
 10761 | Lair:1   | Noticed a spriggan rider
 10762 | Lair:1   | Noticed a spriggan rider
 10777 | Lair:1   | Noticed Beischinu's ghost (journeyman MiFi)
 10779 | Lair:1   | Identified the ring of Figaopol {rPois MP+9}
 10790 | Lair:1   | Found a transporter.
 10791 | Lair:1   | Found a bloodstained altar of Trog.
 10797 | Lair:1   | Found a transporter.
 10807 | Lair:1   | Reached XP level 12. HP: 113/113 MP: 11/11
 11049 | Lair:1   | Found a gate leading to a gauntlet.
 11061 | Gauntlet | Entered a Gauntlet
 11061 | Gauntlet | Found a transporter.
 11061 | Gauntlet | Found a runed translucent door.
 11061 | Gauntlet | Found a runed translucent door.
 11061 | Gauntlet | Found a transporter.
 11061 | Gauntlet | Found a transporter.
 11087 | Gauntlet | Found a transporter.
 11097 | Gauntlet | Found a transporter.
 11099 | Gauntlet | Found a transporter.
 11111 | Gauntlet | Found a transporter.
 11129 | Gauntlet | Found a transporter.
 11132 | Gauntlet | Noticed a ghost crab
 11144 | Gauntlet | Found a transporter.
 11147 | Gauntlet | Found a transporter.
 11149 | Gauntlet | Found a runed translucent door.
 11151 | Gauntlet | Found a runed translucent door.
 11155 | Gauntlet | Found a transporter.
 11158 | Gauntlet | Found a transporter.
 11678 | Gauntlet | Identified the ring "Rurophut" {rPois Int+2}
 11700 | Gauntlet | Noticed a minotaur
 11712 | Gauntlet | Killed a minotaur
 12780 | Lair:2   | Noticed a five-headed hydra
 12788 | Lair:2   | Killed a seven-headed hydra
 13286 | Lair:2   | Found a staircase to the Snake Pit.
 14321 | Lair:3   | Noticed a death yak
 14321 | Lair:3   | Noticed a death yak
 14323 | Lair:3   | Noticed a death yak
 14324 | Lair:3   | Noticed a death yak
 14326 | Lair:3   | Noticed a death yak
 14326 | Lair:3   | Noticed a death yak
 14328 | Lair:3   | Noticed a death yak
 14328 | Lair:3   | Noticed a death yak
 14335 | Lair:3   | Killed a death yak
 14337 | Lair:3   | Killed a death yak
 14339 | Lair:3   | Killed a death yak
 14340 | Lair:3   | Reached XP level 13. HP: 81/123 MP: 5/12
 16274 | Lair:3   | Found a staircase to the Swamp.
 16425 | Lair:4   | Found a viscous altar of Jiyva.
 16425 | Lair:4   | Found a staircase to the Slime Pits.
 16488 | Lair:4   | Reached skill level 10 in Dodging
 16759 | Lair:4   | Found a runed translucent gate.
 16762 | Lair:4   | Found a runed translucent gate.
 16762 | Lair:4   | Noticed Ruwaz's ghost (journeyman SpRe)
 16764 | Lair:4   | Found a runed translucent gate.
 17068 | Lair:4   | Found a dark tunnel.
 17075 | Volcano  | Entered a volcano
 17447 | Volcano  | Reached skill level 15 in Axes
 17495 | Volcano  | Found a burning altar of Makhleb.
 17574 | Volcano  | Reached skill level 15 in Fighting
 18338 | Lair:4   | Killed Ruwaz's ghost
 18339 | Lair:4   | Reached XP level 14. HP: 133/135 MP: 8/13
 18533 | Lair:5   | Entered Level 5 of the Lair of Beasts
 18534 | Lair:5   | Noticed Kirke
 18697 | Lair:5   | Killed Kirke
 19269 | Lair:5   | Received a gift from Trog
 19270 | Lair:5   | Reached skill level 15 in Armour
 20993 | D:12     | Identified the +1 robe of the Lich-sworn {Dex+2 SInv}
 21891 | D:13     | Found a runed translucent door.
 21904 | D:13     | Noticed a tengu reaver
 21904 | D:13     | Noticed middlethird's ghost (journeyman FoNe)
 22613 | D:13     | Slain by middlethird's ghost

Illustrated notes

Levels and vault maps discovered:
D:1:      lightli_arrival_chessboard, layout_basic, minmay_unequal
D:2:      cheibrodos_greedy_goblins, layout_basic,
          hellmonk_ecumenical_altar_lost_god, uniq_terence
D:3:      layout_loops_corners, elyvilon_altar_4
D:4:      minmay_skewed_foursquare, layout_rooms, nicolae_vehumet_altar_sigil,
          mainiacjoe_overflow_chevrons, serial_shops, shop,
          minmay_gold_behind_fungi, uniq_sigmund
D:5:      layout_loops_ring, nicolae_overflow_hidden_temple,
          chequers_temple_overflow_minitemple,
          minmay_temple_entry_enclosed_plants, serial_shops,
          nicolae_inconvenience_store, uniq_grinder
D:6:      layout_rooms, tso_oasis_becter, small_statue_intersection,
          uniq_menkaure, uniq_blork_the_orc
D:7:      layout_layer_cave, serial_shops, shop, shop, shop,
          nicolae_shop_window_shopping, nicolae_shop_stone
D:8:      layout_rooms, nicolae_alphabet_shops, nicolae_blasting_shop
D:9:      layout_basic, lair_entry_dummy, orc_0_dummy, enter_bailey_4,
          nicolae_underground_beach
D:10:     layout_stronghold, mainiacjoe_overflow_cross_hatched, serial_ice,
          serial_ice_i, serial_ice_o, serial_ice_a, serial_ice_e,
          uniq_josephine, uniq_erolcha
D:11:     layout_rooms
D:12:     layout_basic, minmay_misc_feat_nine_boxes
D:13:     layout_cave_pools, ebering_ghost_inner_flame,
          kennysheep_generic_room_5
Lair:1:   layout_loops_ring, gauntlet_entry_generic,
          gammafunk_ghost_wrathful_warriors, grunt_forest_small_clearing_treed,
          lemuel_fruit_tree
Lair:2:   layout_roguey, guppyfry_snake_entry_island, roderic_carrion_pond
Lair:3:   lemuel_ratsnest, layout_big_grid, palyth_hydra_swamp_entry,
          grunt_megastairs_5
Lair:4:   layout_long_grid, slime_entry_1, gammafunk_ghost_hydra_chop,
          serial_bayou, serial_bayou_lagoon_a, serial_bayou_pond_d,
          serial_bayou_shore_a, serial_bayou_ford_a,
          nicolae_volcano_entry_s_turn
Lair:5:   evilmike_catoblepas_cave, layout_small_grid, kennysheep_rathole,
          serial_bayou_shore_b, infiniplex_staircase_pool_2, uniq_kirke

Skill      XL: |  1  2  3  4  5  6  7  8  9 10 11 12 13 14 |
---------------+-------------------------------------------+-----
Axes           | 4 5 6 8 9 10 12 13 15 16 | 16.0
Fighting       | 4 5 6 7 8 9 11 12 13 15 16 | 16.1
Armour         | 3 4 5 6 7 8 10 11 13 14 15 | 15.7
Evocations     | 1 2 3 4 5 6 7 8 |  8.4
Dodging        | 3 4 5 6 7 9 10 11 | 11.9

Action                     |  1- 3 |  4- 6 |  7- 9 | 10-12 | 13-15 || total
---------------------------+-------+-------+-------+-------+-------++-------
  Melee: Hand axe          |    71 |     3 |       |       |       ||    74
         Headbutt          |    13 |    10 |    30 |   140 |   108 ||   301
         Spear             |       |   104 |   220 |   459 |       ||   783
         Punch             |       |       |     4 |     7 |       ||    11
         Battleaxe         |       |       |       |   173 |   452 ||   625
 Invoke: Berserk           |     1 |       |     2 |    12 |     7 ||    22
         Trog's Hand       |       |       |     1 |     6 |     6 ||    13
         Brothers in Arms  |       |       |       |     2 |     2 ||     4
  Evoke: Wand              |       |       |       |     3 |     3 ||     6
         Box of beasts     |       |       |       |     1 |     1 ||     2
         Phantom mirror    |       |       |       |       |     1 ||     1
         Condenser vane    |       |       |       |       |     1 ||     1
    Use: Scroll            |       |     5 |    11 |    11 |     7 ||    34
         Potion            |       |       |     2 |     7 |     6 ||    15
   Stab: Sleeping          |     1 |       |       |       |       ||     1
         Distracted        |       |       |       |       |     1 ||     1
         Petrified         |       |       |       |       |     1 ||     1
 Armour: Animal skin       |    10 |       |       |       |       ||    10
         Plate armour      |     8 |    38 |   108 |   379 |   460 ||   993
  Dodge: Dodged            |    41 |    18 |    63 |   288 |   311 ||   721
